 Dungeon Crawl Stone Soup version 0.31.0-1-g2c135a0 (webtiles) character file.

Game seed: 5850139577014757064

1034 Xy2009 the Magician (level 8, -2/56 HPs)
             Began as a Mummy Necromancer on Feb 1, 2024.
             Was a Follower of Sif Muna.
             Slain by a wight
             ... wielding a +2 hand axe
              (5 damage)
             ... on level 6 of the Dungeon.
             The game lasted 00:20:24 (5691 turns).

Xy2009 the Magician (Mummy Necromancer)             Turns: 5691, Time: 00:20:26

Health: -2/56      AC:  8    Str: 12    XL:     8   Next: 3%
Magic:  17/17      EV: 12    Int: 16    God:    Sif Muna [*.....]
Gold:   340        SH:  0    Dex: 12    Spells: 5/20 levels left

rFire   x . .        b - +5 quarterstaff (chaos)
rCold   + . .        (shield currently unavailable)
rNeg    + + +        a - +0 robe
rPois   ∞            (no helmet)
rElec   .            p - +2 cloak
rCorr   .            q - +2 pair of gloves
SInv    .            (no boots)
Will    +....        f - amulet of regeneration
Stlth   ++           (no ring)
HPRegen 1.09/turn    (no ring)
MPRegen 0.15/turn

%: faith
@: no status effects
A: cold resistance 1, negative energy resistance 3, torment resistance 2, heat
vulnerability 1, in touch with death 1, no potions, faith
a: Renounce Religion, Channel Magic


You were on level 6 of the Dungeon.
You worshipped Sif Muna.
Sif Muna was aware of your devotion.
You visited 2 branches of the dungeon, and saw 7 of its levels.
You also visited: Ossuary.

You collected 340 gold pieces.

Inventory:

Hand Weapons
 b - a +5 quarterstaff of chaos (weapon)
Armour
 a - a +0 robe (worn)
 p - a +2 cloak (worn)
 q - a +2 pair of gloves (worn)
Jewellery
 f - an amulet of regeneration (around neck)
Wands
 c - a wand of flame (15)
 l - a wand of iceblast (22)
Scrolls
 d - 6 scrolls of revelation
 e - 2 scrolls of fear
 g - 2 scrolls of poison
 h - 2 scrolls of enchant armour
 j - a scroll of blinking
 k - a scroll of noise
 m - 3 scrolls of amnesia
 n - 2 scrolls of teleportation
 o - a scroll of acquirement {unknown}
 r - a scroll of fog {unknown}
 s - a scroll of summoning {unknown}


   Skills:
 + Level 2.0 Fighting
 + Level 0.5(2.3) Polearms
 + Level 3.5(3.6) Staves
 + Level 2.8 Dodging
 + Level 2.5 Stealth
 + Level 6.5 Spellcasting
 + Level 6.0 Necromancy


You had 5 spell levels left.
You knew the following spells:

 Your Spells              Type           Power      Damage    Failure   Level
a - Necrotise             Necr           100%       1d9       1%          1
b - Vampiric Draining     Necr           36%        2d8       3%          3
c - Animate Dead          Necr           36%        N/A       11%         4
d - Cigotuvi's Dreadful   Necr/Alch/Air  34%        N/A       9%          2
e - Curse of Agony        Necr           36%        N/A       30%         5

Your spell library contained the following spells:

 Spells                   Type           Power      Damage    Failure   Level
 Animate Armour           Summ/Erth      10%        N/A       78%         4
 Ignite Poison            Fire/Alch      5%         N/A       78%         4
 Summon Lightning Spire   Summ/Air       5%         N/A       78%         4
 Freezing Cloud           Conj/Ice/Air   2%         6-21      98%         5
 Lee's Rapid Deconstruct  Erth           2%         3d5*      98%         5


Dungeon Overview and Level Annotations

Branches:
Dungeon (6/15)             Temple (1/1) D:5         Ossuary (visited)

Altars:
Ashenzari
Cheibriados
Gozag
Kikubaaqudgha
Makhleb
Nemelex Xobeh
Okawaru
Ru
Sif Muna
Trog
Uskayaw
Vehumet
Xom

Shops:
D:4 :


Innate Abilities, Weirdness & Mutations

You are immune to poison.
Your flesh is cold resistant. (rC+)
You are immune to negative energy. (rN+++)
You are immune to unholy pain and torment.
You are vulnerable to heat. (rF-)
You are in touch with the powers of death.
You do not drink.
You have a special connection with the divine. (Faith)


Message History

You open the door.
There is a stone staircase leading down here.
A wight comes into view. It is wielding a +2 spear.
Found a fizzy blue potion.
No target in view!
Aiming: Throw Flame
Press: ? - help, Q - select action, (/) - cycle Shift-Dir - straight line, f - wight
Aim: a wight, wielding a +2 spear and wearing a +0 robe (dormant, 100% to hit)
The puff of flame hits the wight.
The wight is moderately damaged.
A wight comes into view. It is wielding a +2 hand axe.
Found 4 poisoned darts.
Found a stone staircase leading up.
An ice beast comes into view.
There is a stone staircase leading up here.
The wight barely misses you.
You closely miss the wight.
The wight is moderately damaged.
The wight hits you with a +2 spear! The wight closely misses you.
You hit the wight.
The wight is moderately damaged.
The wight hits you with a +2 spear. The wight hits you with a +2 hand axe.
The wight closely misses you.
There is a stone staircase leading up here.
You barely miss the wight. The wight barely misses you. x2
You closely miss the wight.
The wight hits you from afar with a +2 spear!
The wight hits you with a +2 hand axe!
The wight hits you from afar with a +2 spear.
You completely miss the wight. The wight hits you with a +2 hand axe!
The wight hits you from afar with a +2 spear.
* * * LOW HITPOINT WARNING * * *
You hit the wight.
The wight is moderately damaged.
The wight hits you with a +2 hand axe.
* * * LOW HITPOINT WARNING * * *
The wight hits you from afar with a +2 spear!
* * * LOW HITPOINT WARNING * * *
The wight hits you with a +2 hand axe.
You die...

,,,,,,,,,,*
#...........####
,,,,,,,,,,*##***
#...............
,,,,,,,,,,*#.,,*
#........##...##
,,,,,,,,,,*#..,*
#....z...####...
,,,,,,,,,,##...###........#
##.#
,,,,,,,,,,+...............#
#.#
,,,,,,,,,.##...###.z......#
#..
,,,,,,,,,........#z########
### ,,,,,,,,,,,*,,,#@#.# #
,,,,,,,,,,,,,,,#z#.#######*
#
,,,,,,,,,,,,,,,#z.........*
****,****#................*
,,,,,****#.....##.........*
******,,,......,........(.*
***,**,,,.....,#..........*
,,,,**,,,Y....,#..........*
***,**,,,....,,#..........*


You could see 2 wights.

Vanquished Creatures
  A wraith (D:5)
  A centaur (D:6)
  A phantom (D:5)
  A scorpion (D:5)
  2 centaur zombies (Ossuary)
  A crimson imp (D:3)
  A hound (D:5)
  A jelly (D:4)
  Crazy Yiuf (D:2)
  A human zombie (Ossuary)
  3 scorpion zombies (D:6)
  Natasha (D:2)
  An orc wizard (D:3)
  3 ogre zombies (Ossuary)
  7 mummies (Ossuary)
  9 adders
  A shadow imp (D:5)
  3 dart slugs
  A ribbon worm (D:3)
  9 orcs
  2 bats (D:2)
  6 endoplasms
  2 giant cockroaches
  13 goblins
  9 hobgoblins
  3 jackals (D:3)
  4 quokkas
  4 ball pythons
  A frilled lizard (D:3)
  2 goblin skeletons (D:3)
  5 goblin zombies (Ossuary)
  9 hobgoblin zombies
  11 kobolds
  A kobold skeleton (D:3)
  2 kobold zombies (Ossuary)
  2 orc skeletons (D:3)
  5 orc zombies
  3 quokka zombies (Ossuary)
  11 rats
  6 rat zombies (Ossuary)
150 creatures vanquished.

Vanquished Creatures (collateral kills)
  A dart slug (D:4)
  A bat (D:2)
  A frilled lizard (D:2)
3 creatures vanquished.

Vanquished Creatures (others)
  A goblin zombie (D:3)
  4 orc zombies (D:3)
5 creatures vanquished.

Grand Total: 158 creatures vanquished

Notes
Turn   | Place    | Note
-------+----------+-------------------------------------------
     0 | D:1      | Xy2009 the Mummy Necromancer began the quest for the Orb.
     0 | D:1      | Reached XP level 1. HP: 13/13 MP: 4/4
   233 | D:1      | Reached XP level 2. HP: 19/19 MP: 3/5
  1150 | D:2      | Reached XP level 3. HP: 21/24 MP: 2/8
  1360 | D:2      | Reached XP level 4. HP: 30/30 MP: 5/10
  1506 | D:2      | Learned a level 3 spell: Vampiric Draining
  1511 | D:2      | Learned a level 4 spell: Animate Dead
  1514 | D:2      | Learned a level 2 spell: Cigotuvi's Dreadful Rot
  1682 | D:2      | Noticed Natasha
  1689 | D:2      | Killed Natasha
  1690 | D:2      | Reached skill level 5 in Necromancy
  1844 | D:2      | Found a runed translucent door.
  1845 | D:2      | Noticed Crazy Yiuf
  1856 | D:2      | Killed Crazy Yiuf
  1857 | D:2      | Reached XP level 5. HP: 35/35 MP: 11/11
  2683 | D:3      | Reached skill level 5 in Spellcasting
  2967 | D:3      | Reached skill level 1 in Staves
  3041 | D:3      | Reached XP level 6. HP: 39/41 MP: 13/13
  3490 | D:4      | Found Fuqab's Self-Published Books.
  3720 | D:4      | Found a sparkling altar of Nemelex Xobeh.
  3953 | D:5      | Entered Level 5 of the Dungeon
  3969 | D:5      | Noticed a wraith
  3988 | D:5      | Killed a wraith
  3989 | D:5      | Reached skill level 1 in Fighting
  4010 | D:5      | Found a sacrificial altar of Ru.
  4168 | D:5      | Found a bloodstained altar of Trog.
  4290 | D:5      | Reached XP level 7. HP: 48/48 MP: 15/15
  4368 | D:5      | Learned a level 5 spell: Curse of Agony
  4683 | D:5      | Found a staircase to the Ecumenical Temple.
  4750 | Temple   | Entered the Ecumenical Temple
  4765 | Temple   | Became a worshipper of Sif Muna the Loreminder
  5059 | D:6      | Found an opulent altar of Gozag.
  5059 | D:6      | Found a burning altar of Makhleb.
  5095 | D:6      | Found a sand-covered staircase.
  5117 | Ossuary  | Entered an ossuary
  5342 | Ossuary  | Reached * piety under Sif Muna
  5443 | Ossuary  | Reached XP level 8. HP: 56/56 MP: 17/17
  5691 | D:6      | Slain by a wight

Illustrated notes

Levels and vault maps discovered:
D:1:      dpeg_arrival_leaves_temple_mockup, layout_basic, minmay_misc_feat_room
D:2:      layout_rooms, uniq_crazy_yiuf_cottage, uniq_natasha
D:3:      layout_basic, nicolae_tso_besieged_by_evil
D:4:      layout_layer_cave, nemelex_diamond_rough_becter, nicolae_custom_books,
          grunt_decor_cap
D:5:      layout_loops_ring, trog_hazing_becter,
          nicolae_ru_sacrificial_ziggurat, minmay_temple_entry_hall
D:6:      layout_basic, nicolae_overflow_two_pavilions,
          mainiacjoe_ossuary_entry_find_the_door, minivault_24,
          nicolae_zig_zag_zippers
Temple:   zaba_magenta_temple

Skill      XL: |  1  2  3  4  5  6  7 |
---------------+----------------------+-----
Spellcasting   | 3 4 5 6 |  6.5
Necromancy     | 5 6 |  6.0
Dodging        | 2 |  2.8
Staves         | 1 2 3 |  3.5
Fighting       | 1 2 |  2.0
Stealth        | 2 |  2.5
Polearms       | |  0.5

Action                     |  1- 3 |  4- 6 |  7- 9 || total
---------------------------+-------+-------+-------++-------
  Melee: Spear             |    22 |     6 |       ||    28
         Unarmed           |     1 |       |       ||     1
         Quarterstaff      |       |   102 |   127 ||   229
   Cast: Necrotise         |    46 |    70 |     9 ||   125
         Vampiric Draining |       |     3 |       ||     3
         Animate Dead      |       |     2 |       ||     2
  Evoke: Wand              |       |       |     1 ||     1
    Use: Scroll            |       |     9 |     5 ||    14
   Stab: Confused          |       |     1 |     1 ||     2
         Paralysed         |       |     1 |       ||     1
         Sleeping          |       |       |    12 ||    12
 Armour: Robe              |    28 |   100 |    92 ||   220
  Dodge: Dodged            |    35 |   107 |    68 ||   210
